 Dungeon Crawl Stone Soup version 0.30.1-4-g462c640d31 (webtiles) character file.

Game seed: 10040131184801125763

42343 arthad the Thaumaturge (level 14, -3/108 HPs)
             Began as a Gnoll Wanderer on Aug 31, 2023.
             Was a High Priest of Okawaru.
             Slain by a spriggan defender simulacrum (11 damage)
             ... in an ice cave.
             The game lasted 00:56:55 (18730 turns).

arthad the Thaumaturge (Gnoll Wanderer)            Turns: 18730, Time: 00:56:55

Health: -3/108     AC: 15    Str: 11    XL:     14   Next: 19%
Magic:  26/28      EV: 12    Int: 34    God:    Okawaru [*****.]
Gold:   1154       SH: 13    Dex: 10    Spells: 10/34 levels left

rFire   + . .        U - +11 rapier of Rusedgh {drain, rElec rPois rF- Int+8}
rCold   + + .        c - +1 kite shield {rC+}
rNeg    + . .        Y - +6 scale mail of the Enchanted Forest {rElec rPois rF+ Will+}
rPois   +            D - -2 hat of the Alchemist {rElec rPois rF+ rC+ rN+ Will+ rMut rCorr}
rElec   +            W - scarf of the Ten Nurturing Orbs {repulsion, Int+5}
rCorr   +            B - +0 pair of gloves
SInv    .            (no boots)
Will    +++..        (no amulet)
Stlth   ++++         o - ring of wizardry
HPRegen 0.38/turn    z - +4 ring of slaying
MPRegen 0.21/turn

%: repel missiles, resist mutation, wizardry (x1)
@: heroic
A: fangs 1, strong nose, distributed training, horns 1, clever 1
a: Renounce Religion, Heroism, Finesse, Duel


You were in an ice cave.
You worshipped Okawaru.
Okawaru was extremely pleased with you.
You visited 2 branches of the dungeon, and saw 15 of its levels.
You also visited: Sewer, Bailey and Ice Cave.

You collected 1154 gold pieces.

Inventory:

Hand Weapons
 f - a +1 war axe of flaming
 j - the +7 dagger of Jottaf {protect, rElec Will+ SInv}
   (You found it on level 2 of the Dungeon)

   rElec:     It insulates you from electricity.
   SInv:      It lets you see invisible.
   Will:      It increases your willpower.
 S - a +9 broad axe of electrocution
 U - the +11 rapier of Rusedgh (weapon) {drain, rElec rPois rF- Int+8}
   (You found it in a bailey)

   Int:       It affects your intelligence (+8).
   rF:        It makes you vulnerable to fire.
   rElec:     It insulates you from electricity.
   rPois:     It protects you from poison.
Missiles
 b - 26 poisoned darts
 g - 3 curare-tipped darts
 k - 17 javelins
 q - 3 atropa-tipped darts
 A - a silver boomerang
 L - 22 boomerangs
Armour
 c - a +1 kite shield of cold resistance (worn)
 y - a +1 troll leather armour {Snorg}
 B - a +0 pair of gloves (worn)
 D - the -2 hat of the Alchemist (worn) {rElec rPois rF+ rC+ rN+ Will+ rMut rCorr}
   (You found it on level 6 of the Dungeon)

   rF:        It protects you from fire.
   rC:        It protects you from cold.
   rElec:     It insulates you from electricity.
   rPois:     It protects you from poison.
   rN:        It protects you from negative energy.
   rCorr:     It protects you from acid and corrosion.
   rMut:      It protects you from mutation.
   Will:      It increases your willpower.
 G - a +2 buckler
 P - +0 steam dragon scales
 W - the scarf of the Ten Nurturing Orbs (worn) {repulsion, Int+5}
   (You found it in a bailey)

   Int:       It affects your intelligence (+5).
 Y - the +6 scale mail of the Enchanted Forest (worn) {rElec rPois rF+ Will+}
   (Okawaru gifted it to you on level 12 of the Dungeon)

   rF:        It protects you from fire.
   rElec:     It insulates you from electricity.
   rPois:     It protects you from poison.
   Will:      It increases your willpower.
Magical Staves
 H - a staff of fire
Jewellery
 h - a ring of fire
 i - a ring of see invisible
 o - a ring of wizardry (left hand)
 r - a ring of ice
 z - a +4 ring of slaying (right hand)
 E - a ring of protection from cold
 N - a +4 ring of protection
 V - a +6 ring of intelligence
Wands
 l - a wand of polymorph (22)
 K - a wand of iceblast (7)
 M - a wand of flame (32)
 R - a wand of mindburst (16)
 Z - a wand of charming (5)
Scrolls
 e - 10 scrolls of immolation
 m - 2 scrolls of vulnerability
 p - 4 scrolls of silence
 t - a scroll of brand weapon
 v - 3 scrolls of enchant armour
 x - 7 scrolls of teleportation
 C - a scroll of amnesia
 F - 4 scrolls of fear
 Q - a scroll of blinking
 X - 3 scrolls of poison
Potions
 a - a potion of might
 d - 2 potions of attraction
 s - 3 potions of cancellation
 u - 2 potions of curing
 w - 5 potions of lignification
 I - 4 potions of mutation
 J - 3 potions of haste
 T - 2 potions of brilliance


   Skills:
 + Level 9.2(14.2) Fighting
 + Level 9.2(14.2) Short Blades
 + Level 9.2(14.2) Long Blades
 + Level 9.2(14.2) Axes
 + Level 9.2(14.2) Maces & Flails
 + Level 9.2(14.2) Polearms
 + Level 9.2(14.2) Staves
 + Level 9.2(14.2) Ranged Weapons
 + Level 9.2(14.2) Throwing
 + Level 9.6(14.6) Armour
 + Level 10.3(15.3) Dodging
 + Level 9.2(14.2) Stealth
 + Level 9.2(14.2) Shields
 + Level 9.2(14.2) Unarmed Combat
 + Level 10.5 Spellcasting
 + Level 8.0 Conjurations
 + Level 7.7 Hexes
 + Level 7.7 Summonings
 + Level 7.7 Necromancy
 + Level 7.7 Translocations
 + Level 9.5 Transmutations
 + Level 7.7 Fire Magic
 + Level 7.7 Ice Magic
 + Level 7.7 Air Magic
 + Level 7.7 Earth Magic
 + Level 7.7 Poison Magic
 + Level 10.0 Invocations
 + Level 9.6 Evocations


You had 10 spell levels left.
You knew the following spells:

 Your Spells              Type           Power      Damage    Failure   Level
a - Sting                 Tmut/Pois      100%       1d8       1%          1
b - Beastly Appendage     Tmut           100%       N/A       1%          1
c - Magic Dart            Conj           100%       1d8       1%          1
d - Ignite Poison         Fire/Tmut/Pois 65%        N/A       1%          3
e - Dazzling Flash        Conj/Hex       100%       N/A       1%          3
f - Ensorcelled Hibernat  Hex/Ice        100%       N/A       1%          2
g - Swiftness             Air            63%        N/A       1%          3
h - Petrify               Tmut/Erth      66%        N/A       2%          4
i - Statue Form           Tmut/Erth      44%        N/A       32%         6

Your spell library contained the following spells:

 Spells                   Type           Power      Damage    Failure   Level
 Apportation              Tloc           100%       N/A       1%          1
 Cigotuvi's Dreadful Rot  Necr/Pois/Air  100%       N/A       1%          2
 Passwall                 Tmut/Erth      55%        N/A       1%          2
 Ozocubu's Armour         Ice            63%        N/A       1%          3
 Vhi's Electric Charge    Tloc/Air       100%       N/A       1%          3
 Blade Hands              Tmut           35%        N/A       4%          5
 Alistair's Intoxication  Tmut/Pois      44%        N/A       6%          5
 Arcjolt                  Conj/Air       32%        1d42      9%          5
 Freezing Cloud           Conj/Ice/Air   31%        6-21      9%          5
 Metabolic Englaciation   Hex/Ice        31%        N/A       9%          5
 Iron Shot                Conj/Erth      32%        9d7       41%         6
 Ozocubu's Refrigeration  Ice            31%        4d14      92%         7
 Maxwell's Capacitive Co  Air            31%        ∞         100%        8
 Summon Small Mammal      Summ           Unusable   N/A       N/A         1
 Call Canine Familiar     Summ           Unusable   N/A       N/A         3
 Summon Guardian Golem    Hex/Summ       Unusable   N/A       N/A         3
 Animate Armour           Summ/Erth      Unusable   N/A       N/A         4

Dungeon Overview and Level Annotations

Branches:
Dungeon (14/15)            Temple (1/1) D:6            Lair (0/5) D:8
    Orc (0/2) D:11          Sewer (visited)          Bailey (visited)
  IceCv (1/1)
 Vaults: D:13-14

Altars:
Ashenzari
Cheibriados
Dithmenos
Elyvilon
Fedhas
Gozag
Hepliaklqana
Kikubaaqudgha
Makhleb
Nemelex Xobeh
Okawaru
Qazlal
Ru
Sif Muna
Trog
Uskayaw
Vehumet
Wu Jian
Xom
Yredelemnul
Zin
The Shining One

Shops:
D:2 [   D:7 :

Annotations:
D:14 Frances


Innate Abilities, Weirdness & Mutations

You have very sharp teeth.
Your uncanny sense of smell can sniff out nearby items.
Your experience applies equally to all skills.
You have a pair of small horns on your head.
Your mind is acute. (Int +4, Str/Dex -1)


Message History

The spriggan defender simulacrum hits you!
The spriggan defender simulacrum freezes you!
You resist.
An ice devil comes into view.
A deep troll simulacrum comes into view.
You puncture the spriggan defender simulacrum!
The spriggan defender simulacrum is moderately damaged.
The spriggan defender simulacrum misses you.
You puncture the spriggan defender simulacrum!
You bite the spriggan defender simulacrum.
The spriggan defender simulacrum is severely damaged.
The spriggan defender simulacrum hits you.
The spriggan defender simulacrum freezes you.
You resist.
The spriggan defender simulacrum hits you.
The spriggan defender simulacrum freezes you!
You resist.
The spriggan defender simulacrum attacks as you move away!
The spriggan defender simulacrum hits you.
The spriggan defender simulacrum freezes you.
You resist.
* * * LOW HITPOINT WARNING * * *
The spriggan defender simulacrum attacks as you move away!
The spriggan defender simulacrum hits you!
* * * LOW HITPOINT WARNING * * *
The spriggan defender simulacrum freezes you!
You resist.
* * * LOW HITPOINT WARNING * * *
The spriggan defender simulacrum closely misses you.
You feel better.
The spriggan defender simulacrum hits you but does no damage.
You gain the combat prowess of a mighty hero.
The spriggan defender simulacrum barely misses you.
You puncture the spriggan defender simulacrum!
The spriggan defender simulacrum is almost destroyed.
The spriggan defender simulacrum hits you!
* * * LOW HITPOINT WARNING * * *
The spriggan defender simulacrum freezes you!
You resist.
You die...

#.#..⌠...##
#..#..####
#.##.##
#.#### ##.#
#.## #..##
##..# ##@.#
.#
#Z###...#
##.Z..#
##..## .##
.. #.. ..#
#.#


You could see a spriggan defender simulacrum.

Vanquished Creatures
  An orc warlord (Bailey)
  A very ugly thing (IceCv)
  Azrael (D:14)
  Snorg (D:12)
  Josephine (D:12)
  4 centaur warriors
  A boulder beetle (D:12)
  2 two-headed ogres
  Urug (D:11)
  2 tengu warriors (D:13)
  A titan zombie (D:13)
  A soul eater (D:13)
  3 skeletal warriors (D:11)
  3 spriggan simulacra (IceCv)
  A tengu zombie (D:13)
  An ugly thing (D:13)
  3 cyclopes
  4 manticores
  An iron dragon skeleton (D:13)
  Maurice (D:10)
  A freezing wraith (IceCv)
  An efreet (D:14)
  An ice devil (IceCv)
  A tengu conjurer (D:13)
  A meliai (shapeshifter) (D:13)
  10 trolls
  A hornet (D:8)
  A culicivora (shapeshifter) (D:14)
  5 slime creatures
  2 shadows
  A wyvern (D:9)
  16 yaks
  7 wraiths
  A basilisk (D:13)
  A steam dragon (D:9)
  6 vampire mosquitoes (D:12)
  2 acid dragons
  4 hell hounds (D:14)
  A water moccasin (D:6)
  4 ice beasts
  10 orc warriors
  2 sky beasts
  2 ogres
  18 centaurs
  2 kobold brigands
  6 bullfrogs
  3 gnoll sergeants
  6 scorpions
  A deep troll simulacrum (IceCv)
  11 wights
  6 killer bees (D:9)
  4 howler monkeys
  A gnoll bouda (D:7)
  3 hounds
  4 jellies
  8 orc priests
  5 iguanas
  11 orc wizards
  A hell rat (Sewer)
  7 adders
  18 gnolls
  A river rat (Sewer)
  2 shadow imps
  3 white imps
  3 ufetubi
  6 dart slugs
  76 orcs
  4 ball pythons
  5 endoplasms
  6 giant cockroaches
  11 goblins
  11 hobgoblins
  29 kobolds
  7 quokkas
  3 bats
  7 frilled lizards
  20 rats
424 creatures vanquished.

Vanquished Creatures (others)
  An adder (D:5)
1 creature vanquished.

Grand Total: 425 creatures vanquished

Notes
Turn   | Place    | Note
-------+----------+-------------------------------------------
     0 | D:1      | arthad the Gnoll Wanderer began the quest for the Orb.
     0 | D:1      | arthad set off with the following items: a +0 club, a
                  | potion of lignification, a +0 ring mail; and the following
                  | spells available to memorise: Beastly Appendage, Sting,
                  | Magic Dart, Ignite Poison, Dazzling Flash.
     0 | D:1      | Reached XP level 1. HP: 13/13 MP: 6/6
     7 | D:1      | Learned a level 1 spell: Sting
     9 | D:1      | Learned a level 1 spell: Beastly Appendage
    11 | D:1      | Learned a level 1 spell: Magic Dart
   163 | D:1      | Reached XP level 2. HP: 19/19 MP: 2/7
   841 | D:1      | Reached skill level 5 in Spellcasting
   841 | D:1      | Reached XP level 3. HP: 25/25 MP: 2/9
  1400 | D:2      | Found Qefugriu's Armour Shoppe.
  1411 | D:2      | Identified the +7 dagger of Jottaf {protect, rElec Will+
                  | SInv}
  1545 | D:2      | Reached skill level 1 in Invocations
  1938 | D:2      | Found a faded altar of an unknown god.
  1958 | D:2      | Reached skill level 1 in Fighting
  1958 | D:2      | Reached skill level 1 in Short Blades
  1958 | D:2      | Reached skill level 1 in Long Blades
  1958 | D:2      | Reached skill level 1 in Axes
  1958 | D:2      | Reached skill level 1 in Maces & Flails
  1958 | D:2      | Reached skill level 1 in Polearms
  1958 | D:2      | Reached skill level 1 in Staves
  1958 | D:2      | Reached skill level 1 in Ranged Weapons
  1958 | D:2      | Reached skill level 1 in Throwing
  1958 | D:2      | Reached skill level 1 in Stealth
  1958 | D:2      | Reached skill level 1 in Shields
  1958 | D:2      | Reached skill level 1 in Unarmed Combat
  2491 | D:3      | Reached XP level 4. HP: 32/32 MP: 3/11
  2716 | D:3      | Reached skill level 1 in Hexes
  2716 | D:3      | Reached skill level 1 in Summonings
  2716 | D:3      | Reached skill level 1 in Necromancy
  2716 | D:3      | Reached skill level 1 in Translocations
  2716 | D:3      | Reached skill level 1 in Fire Magic
  2716 | D:3      | Reached skill level 1 in Ice Magic
  2716 | D:3      | Reached skill level 1 in Air Magic
  2716 | D:3      | Reached skill level 1 in Earth Magic
  2716 | D:3      | Reached skill level 1 in Poison Magic
  2927 | D:3      | Learned a level 3 spell: Ignite Poison
  2931 | D:3      | Learned a level 3 spell: Dazzling Flash
  2934 | D:3      | Learned a level 2 spell: Ensorcelled Hibernation
  3033 | D:3      | Reached XP level 5. HP: 37/37 MP: 8/12
  3545 | D:4      | You fall into a shaft and drop 1 floor!
  3545 | D:5      | Entered Level 5 of the Dungeon
  3734 | D:5      | Reached XP level 6. HP: 44/44 MP: 8/13
  3745 | D:5      | Reached skill level 5 in Dodging
  3921 | D:5      | Found a glowing drain.
  3936 | Sewer    | Entered a sewer
  4157 | D:5      | Reached XP level 7. HP: 8/51 MP: 5/15
  4569 | D:5      | Found an ornate altar of the Wu Jian Council.
  5199 | D:4      | Noticed Duvessa
  5199 | D:4      | Noticed Dowan
  5200 | D:4      | Duvessa changed into Duvessa the giant cockroach
  5200 | D:4      | Noticed Duvessa
  5210 | D:4      | Killed Duvessa the giant cockroach
  5213 | D:4      | Dowan changed into Dowan the iguana
  5213 | D:4      | Noticed Dowan
  5220 | D:4      | Killed Dowan the iguana
  5477 | D:4      | Reached XP level 8. HP: 56/58 MP: 16/16
  5770 | D:6      | Found the -2 hat of the Alchemist {rElec rPois rF+ rC+ rN+
                  | Will+ rMut rCorr}
  6522 | D:6      | Found a staircase to the Ecumenical Temple.
  6536 | D:6      | Reached XP level 9. HP: 62/65 MP: 7/18
  6556 | Temple   | Entered the Ecumenical Temple
  6771 | Temple   | Became a worshipper of Warmaster Okawaru
  7120 | D:6      | Reached skill level 5 in Armour
  7120 | D:6      | Reached skill level 5 in Evocations
  7447 | D:7      | Reached * piety under Okawaru
  7530 | D:7      | Reached skill level 5 in Invocations
  7683 | D:7      | Found Simyec's Book Emporium.
  8378 | D:7      | Reached ** piety under Okawaru
  8393 | D:7      | Reached skill level 5 in Fighting
  8393 | D:7      | Reached skill level 5 in Short Blades
  8393 | D:7      | Reached skill level 5 in Long Blades
  8393 | D:7      | Reached skill level 5 in Axes
  8393 | D:7      | Reached skill level 5 in Maces & Flails
  8393 | D:7      | Reached skill level 5 in Polearms
  8393 | D:7      | Reached skill level 5 in Staves
  8393 | D:7      | Reached skill level 5 in Ranged Weapons
  8393 | D:7      | Reached skill level 5 in Throwing
  8393 | D:7      | Reached skill level 5 in Stealth
  8393 | D:7      | Reached skill level 5 in Shields
  8393 | D:7      | Reached skill level 5 in Unarmed Combat
  8393 | D:7      | Reached XP level 10. HP: 31/74 MP: 17/20
  8685 | D:8      | Paralysed by a hornet for 1 turns
  9053 | D:8      | Found a staircase to the Lair.
  9472 | D:8      | Reached skill level 5 in Conjurations
  9710 | D:8      | Reached *** piety under Okawaru
  9896 | D:8      | Learned a level 3 spell: Swiftness
  9901 | D:8      | Learned a level 4 spell: Petrify
  9981 | D:8      | Noticed a two-headed ogre
  9987 | D:8      | Killed a two-headed ogre
 10269 | D:9      | Reached **** piety under Okawaru
 10278 | D:9      | Reached skill level 5 in Hexes
 10278 | D:9      | Reached skill level 5 in Summonings
 10278 | D:9      | Reached skill level 5 in Necromancy
 10278 | D:9      | Reached skill level 5 in Translocations
 10278 | D:9      | Reached skill level 5 in Fire Magic
 10278 | D:9      | Reached skill level 5 in Ice Magic
 10278 | D:9      | Reached skill level 5 in Air Magic
 10278 | D:9      | Reached skill level 5 in Earth Magic
 10278 | D:9      | Reached skill level 5 in Poison Magic
 10281 | D:9      | Reached XP level 11. HP: 52/81 MP: 9/22
 10505 | D:9      | Received a gift from Okawaru
 11805 | D:10     | Entered Level 10 of the Dungeon
 11929 | D:10     | Noticed Maurice
 11950 | D:10     | Killed Maurice
 12057 | D:10     | Found a flagged portal.
 12065 | Bailey   | Entered a bailey
 12070 | Bailey   | Noticed an orc warlord
 12417 | Bailey   | Found a runed translucent gate.
 12420 | Bailey   | Found a runed translucent gate.
 12421 | Bailey   | Found a runed translucent gate.
 12654 | Bailey   | Killed an orc warlord
 12654 | Bailey   | Received a gift from Okawaru
 12670 | Bailey   | Identified the +11 rapier of Rusedgh {drain, rElec rPois
                  | rF- Int+8}
 12681 | Bailey   | Identified the scarf of the Ten Nurturing Orbs {repulsion,
                  | Int+5}
 12701 | Bailey   | Learned a level 6 spell: Statue Form
 12701 | Bailey   | Reached XP level 12. HP: 65/91 MP: 23/25
 13665 | D:11     | Found a staircase to the Orcish Mines.
 13925 | D:11     | Received a gift from Okawaru
 13977 | D:11     | Reached ***** piety under Okawaru
 14076 | D:11     | Received a gift from Okawaru
 14315 | D:11     | Noticed Urug
 14320 | D:11     | Killed Urug
 14321 | D:11     | Reached XP level 13. HP: 95/98 MP: 20/26
 14679 | D:12     | Noticed Josephine
 14704 | D:12     | Killed Josephine
 14991 | D:12     | Received a gift from Okawaru
 15019 | D:12     | Noticed Snorg
 15045 | D:12     | Killed Snorg
 15273 | D:12     | Identified the +6 scale mail of the Enchanted Forest {rElec
                  | rPois rF+ Will+} (Okawaru gifted it to you on level 12 of
                  | the Dungeon)
 15273 | D:12     | Received a gift from Okawaru
 15992 | D:13     | Reached skill level 10 in Spellcasting
 17263 | D:13     | Reached skill level 10 in Dodging
 17488 | D:13     | Gained mutation: You occasionally lose the ability to drink
                  | potions when taking damage. [mutagenic glow]
 17501 | D:13     | Gained mutation: Your spells are a little easier to cast,
                  | but a little less powerful. [mutagenic glow]
 17513 | D:13     | Gained mutation: You do not regenerate when monsters are
                  | visible. [mutagenic glow]
 17608 | D:14     | Noticed Azrael
 17629 | D:14     | Killed Azrael
 17672 | D:14     | Reached XP level 14. HP: 81/108 MP: 28/28
 17942 | D:14     | Lost mutation: Your spells are a little easier to cast, but
                  | a little less powerful. [potion of mutation]
 17942 | D:14     | Lost mutation: You do not regenerate when monsters are
                  | visible. [potion of mutation]
 17942 | D:14     | Lost mutation: You occasionally lose the ability to drink
                  | potions when taking damage. [potion of mutation]
 17942 | D:14     | Gained mutation: Your mind is acute. (Int +4, Str/Dex -1)
                  | [potion of mutation]
 17942 | D:14     | Gained mutation: You have a pair of small horns on your
                  | head. [potion of mutation]
 17971 | D:14     | Found a blossoming altar of Fedhas.
 18194 | D:14     | Found a frozen archway.
 18206 | D:14     | Noticed Frances
 18208 | IceCv    | Entered an ice cave
 18251 | IceCv    | Received a gift from Okawaru
 18361 | IceCv    | Reached skill level 10 in Invocations
 18496 | IceCv    | Noticed a white very ugly thing
 18507 | IceCv    | Killed a white very ugly thing
 18730 | IceCv    | Slain by a spriggan defender simulacrum

Illustrated notes

Levels and vault maps discovered:
D:1:      wander_arrival_abandoned_jail, layout_loops_ring,
          kennysheep_pointless_box
D:2:      layout_loops_ring, basic_ecumenical_altar, serial_shops, shop
D:3:      layout_rooms, minmay_crystal_room
D:4:      nicolae_cairo_tiling, layout_rooms, kennysheep_small_spiral,
          uniq_duvessa
D:5:      layout_loops_ring, overflow_temple_1_default, portal_sewer_entry_f,
          serial_bayou_lagoon_b
D:6:      layout_basic, minmay_temple_entry_mini_moons, minmay_joined_circles
D:7:      layout_loops_cross, serial_shops, nicolae_shop_peninsula
D:8:      layout_gridville
D:9:      layout_basic
D:10:     layout_gridville, enter_bailey_2, uniq_maurice
D:11:     layout_loops_ring, hiddenorc2_lemuel, uniq_urug
D:12:     layout_small_grid, uniq_josephine, uniq_snorg
D:13:     layout_roguey, hellmonk_guarded_unrand_cigotuvi
D:14:     layout_irregular_city, david_vaults_5, fedhas_altar_1,
          portal_ice_cave_entry_pillars_2, uniq_azrael, uniq_frances
Temple:   compressed_dpeg_circular_temple
IceCv:    ice_cave_caverns_03

Skill      XL: |  1  2  3  4  5  6  7  8  9 10 11 12 13 14 |
---------------+-------------------------------------------+-----
Conjurations   | 2 3 4 5 6 7 8 |  8.0
Spellcasting   | 5 6 7 9 10 | 10.5
Invocations    | 1 2 3 4 5 6 8 9 10 | 10.0
Fighting       | 1 2 3 5 6 7 9 |  9.2
Short Blades   | 1 2 3 5 6 7 9 |  9.2
Long Blades    | 1 2 3 5 6 7 9 |  9.2
Axes           | 1 2 3 5 6 7 9 |  9.2
Maces & Flails | 1 2 3 5 6 7 9 |  9.2
Polearms       | 1 2 3 5 6 7 9 |  9.2
Staves         | 1 2 3 5 6 7 9 |  9.2
Ranged Weapons | 1 2 3 5 6 7 9 |  9.2
Throwing       | 1 2 3 5 6 7 9 |  9.2
Stealth        | 1 2 3 5 6 7 9 |  9.2
Shields        | 1 2 3 5 6 7 9 |  9.2
Unarmed Combat | 1 2 3 5 6 7 9 |  9.2
Hexes          | 1 2 3 4 5 6 7 |  7.7
Summonings     | 1 2 3 4 5 6 7 |  7.7
Necromancy     | 1 2 3 4 5 6 7 |  7.7
Translocations | 1 2 3 4 5 6 7 |  7.7
Fire Magic     | 1 2 3 4 5 6 7 |  7.7
Ice Magic      | 1 2 3 4 5 6 7 |  7.7
Air Magic      | 1 2 3 4 5 6 7 |  7.7
Earth Magic    | 1 2 3 4 5 6 7 |  7.7
Poison Magic   | 1 2 3 4 5 6 7 |  7.7
Armour         | 3 4 5 6 7 8 9 |  9.6
Evocations     | 3 4 5 6 7 8 9 |  9.6
Dodging        | 5 6 7 8 9 10 | 10.3
Transmutations | 6 7 8 9 |  9.5

Action                     |  1- 3 |  4- 6 |  7- 9 | 10-12 | 13-15 || total
---------------------------+-------+-------+-------+-------+-------++-------
  Melee: Club              |    30 |       |       |       |       ||    30
         Bite              |     1 |     7 |    37 |    53 |    54 ||   152
         Dagger            |    10 |    76 |   288 |   381 |       ||   755
         Punch             |       |     1 |     5 |       |       ||     6
         Headbutt          |       |       |     1 |       |    10 ||    11
         Rapier            |       |       |       |   116 |   364 ||   480
  Throw: Javelin           |       |       |       |     3 |       ||     3
   Cast: Magic Dart        |   110 |    77 |   117 |   117 |    14 ||   435
         Sting             |     3 |     1 |     2 |     8 |       ||    14
         Ensorcelled Hiber |       |     9 |    20 |     4 |     4 ||    37
         Dazzling Flash    |       |     2 |       |     4 |       ||     6
         Beastly Appendage |       |       |     1 |       |       ||     1
         Statue Form       |       |       |       |     7 |    16 ||    23
         Petrify           |       |       |       |       |     4 ||     4
 Invoke: Heroism           |       |       |     1 |     3 |     5 ||     9
         Finesse           |       |       |       |     1 |     1 ||     2
  Evoke: Wand              |       |       |     4 |       |     2 ||     6
    Use: Potion            |     1 |     3 |     1 |     8 |     6 ||    19
         Scroll            |       |    11 |       |    12 |     3 ||    26
   Stab: Sleeping          |       |     3 |     9 |    11 |     3 ||    26
         Distracted        |       |       |       |     1 |       ||     1
         Petrified         |       |       |       |       |     7 ||     7
 Armour: Skin              |    15 |       |       |    27 |   115 ||   157
         Ring mail         |    12 |    54 |    92 |    42 |       ||   200
         Steam dragon scal |       |       |       |    58 |     8 ||    66
         Scale mail        |       |       |       |       |    84 ||    84
  Dodge: Dodged            |    29 |    56 |   123 |   240 |   264 ||   712
         Repelled          |       |       |       |     2 |     1 ||     3
  Block: Buckler           |       |       |    46 |   174 |   166 ||   386
         Kite shield       |       |       |       |       |     1 ||     1
